 Dungeon Crawl Stone Soup version 0.20.1-1-g8b1a95d (webtiles) character file.

233 JeffiDaFish the Covered (level 6, -7/38 HPs)
             Began as a Gargoyle Fighter on July 18, 2017.
             Mangled by an orc warrior
             ... wielding a +0 flail
              (11 damage)
             ... on level 3 of the Dungeon.
             The game lasted 00:05:18 (2235 turns).

JeffiDaFish the Covered (Gargoyle Fighter)          Turns: 2235, Time: 00:05:18

Health: -7/38      AC: 15    Str: 20    XL:     6   Next: 4%
Magic:  6/6        EV:  5    Int: 10    God:
Gold:   185        SH:  9    Dex: 11    Spells: 5/5 levels left

rFire    . . .     SeeInvis .   a - +0 flail
rCold    . . .     Gourm    .   c - +0 shield
rNeg     + . .     Faith    .   k - +0 chain mail
rPois    ∞         Spirit   .   (helmet restricted)
rElec    +         Reflect  .   (no cloak)
rCorr    .         Harm     .   (no gloves)
MR       .....     Clarity  +   j - +0 pair of boots (curse)
Stlth    ..........             (no amulet)
Regen    0.2/turn               (no ring)
MPRegen  0.1/turn               (no ring)

@: no status effects
A: horns 1, clarity, clever 1, negative energy resistance 1, electricity
resistance, wild magic 1, unbreathing, petrification resistance, rot immunity,
AC +4
a: no special abilities


You were on level 3 of the Dungeon.
You were not hungry.

You visited 1 branch of the dungeon, and saw 3 of its levels.

You collected 185 gold pieces.

Inventory:

Hand Weapons
 a - a +0 flail (weapon)
Armour
 c - a +0 shield (worn)
 j - a cursed +0 pair of boots (worn)
 k - a +0 chain mail (worn)
Scrolls
 e - 3 scrolls of teleportation
Potions
 i - a potion of curing
Comestibles
 b - 19 chunks of flesh
 f - 3 bread rations
 h - 3 fruits


   Skills:
 + Level 4.1 Fighting
 + Level 4.3 Maces & Flails
 + Level 4.5 Armour
 + Level 0.2 Dodging
 + Level 4.0 Shields


You had 5 spell levels left.
You didn't know any spells.

Dungeon Overview and Level Annotations

Branches:
Dungeon (3/15)

Altars:
Makhleb


Innate Abilities, Weirdness & Mutations

You are resistant to torment.
Your stone body is resilient. (AC +4)
You are immune to poison.
You resist negative energy. (rN+)
You are resistant to electric shocks. (rElec)
You can survive without breathing.
You are immune to petrification.
You are immune to rotting.
You have a pair of small horns on your head.
You possess an exceptional clarity of mind.
Your mind is acute. (Int +2)
Your spells are a little harder to cast, but a little more powerful.


Message History

The orc priest begins to cast a cantrip, but forgets the words!
You hit the orc priest.
You kill the orc priest!
You have reached level 6!
Your experience leads to an increase in your attributes!
Your base attributes are Str 20, Int 8, Dex 10.
Increase (S)trength, (I)ntelligence, or (D)exterity?
You feel agile. The orc warrior hits you with a flail!
Some of the chunks of flesh in your inventory have rotted away.
The orc warrior hits you with a flail!
* * * LOW HITPOINT WARNING * * *
A rat comes into view.
The rat moves out of view.
The rat bites you.
* * * LOW HITPOINT WARNING * * *
Found a scroll of fear.
You barely miss the rat. Your headbutt misses the rat.
You block the rat's attack. The orc warrior hits you with a flail!
You die...

######## .......#
#.. .......# #.#
###### .>.....# #.#
#.@..# #'###### #.#
#o#r## #.# #.#
#.#..? #.# #.#
#.###.# #.# #.# #.#
... #.# #####'###.#
### #.# #.........#
#.#####......[###
#.....'.......'.oo#


You could see an orc warrior and a rat.

Vanquished Creatures
  2 orc priests (D:3)
  An orc wizard (D:3)
  Jessica (D:3)
  2 adders
  5 gnolls
  2 worms
  A dart slug (D:2)
  5 orcs (D:3)
  2 giant cockroaches
  3 goblins
  4 hobgoblins
  A quokka (D:2)
  A ball python (D:2)
  3 bats
  2 frilled lizards
  5 kobolds
  10 rats
50 creatures vanquished.

Notes
Turn   | Place    | Note
-------+----------+-------------------------------------------
     0 | D:1      | JeffiDaFish the Gargoyle Fighter began the quest for the Orb.
     0 | D:1      | Reached XP level 1. HP: 14/14 MP: 1/1
   257 | D:1      | Reached XP level 2. HP: 18/19 MP: 2/2
  1015 | D:1      | Reached XP level 3. HP: 22/24 MP: 3/3
  1256 | D:2      | Found a burning altar of Makhleb.
  1508 | D:2      | Gained mutation: You have a pair of small horns on your head. [potion of mutation]
  1508 | D:2      | Gained mutation: You possess an exceptional clarity of mind. [potion of mutation]
  1508 | D:2      | Gained mutation: Your spells are a little harder to cast, but a little more powerful. [potion of mutation]
  1508 | D:2      | Gained mutation: Your mind is acute. (Int +2) [potion of mutation]
  1882 | D:3      | Reached XP level 4. HP: 27/29 MP: 4/4
  2060 | D:3      | Reached XP level 5. HP: 28/33 MP: 5/5
  2175 | D:3      | Noticed Jessica
  2182 | D:3      | Killed Jessica
  2217 | D:3      | Noticed an orc warrior
  2228 | D:3      | Reached XP level 6. HP: 29/38 MP: 6/6
  2235 | D:3      | Mangled by an orc warrior

Skill      XL: |  1  2  3  4  5 |
---------------+----------------+-----
Armour         | 4 |  4.5
Maces & Flails | 3 4 |  4.3
Shields        | 4 |  4.0
Fighting       | 4 |  4.1
Dodging        | |  0.2

Action                   |  1- 3 |  4- 6 || total
-------------------------+-------+-------++-------
Melee: Flail             |   117 |    58 ||   175
       Headbutt          |     5 |    12 ||    17
  Use: Scroll            |     3 |     1 ||     4
       Potion            |     4 |     4 ||     8
  Eat: Chunk             |     3 |     1 ||     4
Armor: Scale mail        |    56 |       ||    56
       Chain mail        |       |    29 ||    29
Dodge: Dodged            |    44 |     4 ||    48
Block: Shield            |    66 |    33 ||    99
